AoeStats
← Ultimarte

African Clearing

504685591Analyzed
4v4 RM · 26d ago on Sep 6, 2026· 26m 57s· 8 players
Game mode
Random Map
Map size
Large (8 player)
Population
200
Speed
Normal
Resources
Standard
Victory
Conquest
Starting age
Dark Age
Ending age
Imperial Age
RankedLock teamsTeams togetherTeam positionsShared explorationLock speedFull tech treeHidden civsTurbo modeCheats
Victory
Defeat
🇹🇷 Britons · Türkiye
952
+14
🇨🇳 Cumans · China
912
+16
🇨🇳 Burgundians · China
905
+16
🇨🇳 Teutons · China
855
+18
🇩🇰 Byzantines · Denmark
1019
-21
🇱🇻 Romans · Latvia
902
-16
🇳🇱 Byzantines · Netherlands
850
-14
🇨🇳 Huns · China
835
-13
AjeziSajirava
3:53 Loom
13:06 Feudal Age
13:51 Man-at-Arms
22:49 Castle Age
22:23 Wheelbarrow
22:55 Forging
22:40 Horse Collar
23:10 Long Swordsman
23:53 Double-Bit Axe
25:06 Squires
sellack
4:32 Loom
15:35 Feudal Age
20:49 Man-at-Arms
RostrakaZ
2:55 Loom
15:33 Feudal Age
16:28 Horse Collar
17:08 Double-Bit Axe
25:23 Castle Age
Manchuria lmuberjack
12:14 Feudal Age
18:16 Castle Age
17:36 Horse Collar
17:45 Double-Bit Axe
18:17 Gold Mining
20:23 Wheelbarrow
20:47 Loom
23:30 Hand Cart
24:05 Heavy Plow
Ultimarte
16:18 Feudal Age
21:42 Wheelbarrow
24:54 Gold Mining
26:05 Town Watch
雷欧
8:01 Loom
14:49 Feudal Age
29:31 Castle Age
LIN BO2372
3:39 Loom
15:00 Feudal Age
15:49 Horse Collar
15:56 Double-Bit Axe
21:37 Castle Age
20:04 Gold Mining
Antonio
8:06 Loom
14:34 Feudal Age
17:56 Forging
19:55 Scale Mail Armor
20:02 Double-Bit Axe
22:57 Castle Age
23:29 Fletching
Connection lost

Rejoining the realm…

Still unreachable

The connection could not be restored.

Session expired

The server has moved on; the page needs a fresh start.